AoeStats
← ptr0000

Arena

510612961Analyzed
2v2 RM · 1d ago on Oct 1, 2026· 74m 20s· 4 players
Game mode
Random Map
Map size
Medium (4 player)
Population
200
Speed
Normal
Resources
Standard
Victory
Conquest
Starting age
Dark Age
Ending age
Imperial Age
RankedLock teamsTeams togetherTeam positionsShared explorationLock speedFull tech treeHidden civsTurbo modeCheats
Victory
Defeat
🇨🇭 Mongols · Switzerland
1099
+16
🇩🇪 Persians · Germany
1076
+17
🇵🇰 Mongols · Pakistan
1107
-17
🇵🇰 Khmer · Pakistan
1090
-16
Froghunter
11:55 Feudal Age
12:10 Feudal Age
15:58 Castle Age
14:39 Double-Bit Axe
14:42 Horse Collar
15:19 Gold Mining
21:56 Elite Skirmisher
26:40 Padded Archer Armor
36:08 Wheelbarrow
37:05 Stone Mining
38:34 Murder Holes
38:50 Masonry
39:25 Fletching
40:31 Bodkin Arrow
45:10 Imperial Age
43:29 Leather Archer Armor
43:25 Heavy Plow
43:59 Scale Barding Armor
43:29 Pikeman
44:27 Squires
44:13 Gambesons
45:03 Scale Mail Armor
45:56 Conscription
50:16 Arson
52:06 Chain Mail Armor
52:02 Forging
53:05 Light Cavalry
53:55 Bloodlines
53:47 Husbandry
56:19 Chain Barding Armor
56:34 Iron Casting
59:23 Gold Shaft Mining
59:28 Heavy Camel Rider
61:13 Bow Saw
64:06 Plate Barding Armor
64:28 Iron Casting
64:24 Hand Cart
66:13 Capped Ram
67:56 Kamandaran
68:37 Ring Archer Armor
69:08 Blast Furnace
69:17 Two-Man Saw
67:51 Crossbowman
69:36 Chemistry
69:01 Ballistics
70:16 Stone Shaft Mining
70:03 Thumb Ring
72:17 Architecture
73:04 Halberdier
ptr0000
9:29 Feudal Age
13:32 Castle Age
12:48 Double-Bit Axe
23:59 Fletching
32:48 Bow Saw
35:56 Bodkin Arrow
36:48 Loom
41:56 Scale Mail Armor
42:07 Forging
45:40 Chain Mail Armor
46:00 Iron Casting
45:47 Pikeman
47:24 Squires
47:09 Arson
55:02 Imperial Age
61:04 Bracer
60:34 Capped Ram
65:01 Heavy Camel Rider
65:18 Elite Steppe Lancer
66:56 Bloodlines
A G H A
11:17 Feudal Age
11:11 Loom
12:37 Double-Bit Axe
12:33 Horse Collar
15:56 Castle Age
18:18 Fletching
21:49 Padded Archer Armor
40:19 Scale Barding Armor
40:24 Forging
OBX
11:11 Feudal Age
13:57 Castle Age
13:26 Double-Bit Axe
22:39 Elite Skirmisher
25:32 Scale Barding Armor
25:38 Forging
26:13 Horse Collar
29:10 Chain Barding Armor
33:52 Heated Shot
34:26 Ballistics
34:50 Gold Mining
35:04 Heavy Plow
36:06 Wheelbarrow
38:19 Hand Cart
39:42 Forging
40:09 Bloodlines
52:34 Imperial Age
51:35 Iron Casting
54:51 Gold Shaft Mining
54:55 Plate Barding Armor
55:21 Blast Furnace
55:24 Cavalier
58:10 Conscription
62:51 Heavy Scorpion
64:23 Pikeman
65:17 Halberdier
70:34 Light Cavalry
71:32 Hussar
73:36 Crop Rotation
73:19 Bow Saw
Connection lost

Rejoining the realm…

Still unreachable

The connection could not be restored.

Session expired

The server has moved on; the page needs a fresh start.